 Dungeon Crawl Stone Soup version 0.31-a0-978-g1e143483b6 (webtiles) character file.

Game seed: 12592777744044384706

21 Arcadio the Trooper (level 2, -4/27 HPs)
             Began as a Ghoul Monk on Oct 30, 2023.
             Killed by divine providence
             ... invoked by an orc priest
              (14 damage)
             ... on level 2 of the Dungeon.
             The game lasted 00:01:07 (861 turns).

Arcadio the Trooper (Ghoul Monk)                     Turns: 861, Time: 00:01:08

Health: -4/27      AC:  3    Str: 14    XL:     2   Next: 87%
Magic:  1/1        EV: 12    Int:  5    God:
Gold:   60         SH:  0    Dex: 11    Spells: 1/1 levels left

rFire   . .          .
                       - Unarmed
rCold   + . .        c - orb {light}
rNeg    + + +        a - +0 robe
rPois   ∞            (no helmet)
rElec   .            i - +0 cloak
rCorr   .            (no gloves)
SInv    .            (no boots)
Will    .....        (no amulet)
Stlth   +            (no ring)
HPRegen 0.00/turn    (no ring)
MPRegen 0.07/turn

%: no passive effects
@: inhibited regen, glowing
A: claws 1, cold resistance 1, negative energy resistance 3, inhibited
regeneration, torment resistance 2, devour on kill
a: no special abilities


You were on level 2 of the Dungeon.
You visited 1 branch of the dungeon, and saw 2 of its levels.

You collected 60 gold pieces.

Inventory:

Armour
 a - a +0 robe (worn)
 c - an orb of light (worn)
 i - a +0 cloak (worn)
Scrolls
 e - 3 scrolls of immolation {unknown}
 h - a scroll of enchant weapon {unknown}
 k - 2 scrolls of noise {unknown}
 l - a scroll of teleportation {unknown}
Potions
 b - a potion of ambrosia
 d - 2 potions of curing {unknown}
 f - a potion of might {unknown}
 g - 2 potions of resistance {unknown}
 j - a potion of brilliance {unknown}


   Skills:
 + Level 3.7 Fighting
 + Level 3.0 Dodging
 + Level 3.6 Unarmed Combat


You had one spell level left.
You didn't know any spells.
Your spell library was empty.

Dungeon Overview and Level Annotations

Branches:
Dungeon (2/15) Zot: 11140

Altars:


Innate Abilities, Weirdness & Mutations

You are immune to poison.
You have sharp fingernails.
Your flesh is cold resistant. (rC+)
You are immune to negative energy. (rN+++)
You do not regenerate when monsters are visible.
You are immune to unholy pain and torment.
You thrive by killing the living.


Message History

You feel better.
You see here a jackal corpse.
A goblin comes into view. It is wielding a +0 club.
The goblin shouts!
You scratch the goblin but do no damage.
The goblin closely misses you.
You claw the goblin!
You kill the goblin!
You now have 60 gold pieces (gained 10).
You see here a +0 club.
HP restored.
You see here a +0 club.
You see here a jackal corpse.
There is an open door here.
There is an escape hatch in the floor here.
An orc comes into view. It is wielding a +0 dagger.
The orc shouts!
You hear a shout! x2
An orc comes into view. It is wielding a +0 falchion.
An orc priest and a goblin come into view.
The goblin shouts!
You hear a shout!
An orc comes into view. It is wielding a +0 whip.
The orc priest invokes the aid of Beogh against you.
Beogh smites you!
Ouch! That really hurt!
The goblin moves out of view.
A bat comes into view.
There is an open door here.
You scratch the orc.
The orc is heavily wounded.
The bat hits you. The orc hits you with a +0 dagger.
The orc attacks as it pursues you! The orc barely misses you.
A frilled lizard comes into view.
The frilled lizard hisses angrily.
The orc priest casts a cantrip, but nothing happens.
The orc priest looks satisfied for a moment.
The frilled lizard bites you but does no damage.
The orc priest invokes the aid of Beogh against you.
Beogh smites you!
Ouch! That really hurt!
You die...

#............####....#
####.# #..........#.#
###### #.#
#..........#.# # #.#
##########.#.# .# ###
.......#.#.# ##.#
.......#.### ...
......o#.#####.#
......ogbo.o.l.#.#
.......######@...#
....... #......#
....... #.##.#.#
....... #.. ..#
....... ### .# .......
.. ####### #


You could see an orc priest, 3 orcs, a goblin, a bat and a frilled lizard.

Vanquished Creatures
  A dart slug (D:1)
  2 giant cockroaches (D:1)
  6 goblins
  2 hobgoblins
  2 jackals (D:2)
  A quokka (D:1)
  A frilled lizard (D:1)
  A kobold (D:2)
16 creatures vanquished.

Notes
Turn   | Place    | Note
-------+----------+-------------------------------------------
     0 | D:1      | Arcadio the Ghoul Monk began the quest for the Orb.
     0 | D:1      | Reached XP level 1. HP: 19/19 MP: 0/0
   116 | D:1      | Reached XP level 2. HP: 19/26 MP: 1/1
   861 | D:2      | Killed from afar by an orc priest

Illustrated notes

Levels and vault maps discovered:
D:1:      dpeg_arrival_renting, layout_loops_ring
D:2:      layout_basic, minmay_quadrilaterals

Skill      XL: |  1  2 |
---------------+-------+-----
Dodging        | 3 |  3.0
Fighting       | |  3.7
Unarmed Combat | |  3.6

Action                     || total
---------------------------++-------
  Melee: Unarmed           ||    32
 Armour: Robe              ||    17
  Dodge: Dodged            ||    17

Table legend: (Time is in decaauts)
 A = Elapsed time spent in this place.
 B = Non-inter-level travel time spent in this place.
 C = Inter-level travel time spent in this place.
 D = Time resting spent in this place.
 E = Time spent auto-exploring this place.
 F = Levels seen in this place.
 G = Mean time per level.
                   A        B        C        D        E       F      G
               +--------+--------+--------+--------+--------+-----+--------+
         Total |    858 |    791 |     67 |      0 |    667 |   2 |  429.0 |
       Dungeon |    858 |    791 |     67 |      0 |    667 |   2 |  429.0 |
               +--------+--------+--------+--------+--------+-----+--------+

Top non-repeatable levels by time:
     D:1: 662 daAuts
     D:2: 195 daAuts
